team 1 (winner)
2xbackwrdzgldr (
orange | 91 APM | 932 actions | 10:11)
3 Archmage
2 Summon Water Elemental
1 Brilliance Aura
» actions
| Assign group hotkey | 86 | |
| Basic commands | 8 | |
| Build / train | 45 | |
| Enter build submenu | 18 | |
| Enter hero's abilities submenu | 3 | |
| Remove unit from queue | 4 | |
| Right click | 423 | |
| Select / deselect | 167 | |
| Select group hotkey | 129 | |
| Use ability | 49 | |
932 total
» units
» upgrades
| Masonry | 2 | |
| Lumber Harvesting | 1 | |
3 total
» buildings
| Farm | 6 | |
| Altar of Kings | 1 | |
| Lumber Mill | 3 | |
| Scout Tower | 8 | |
| Guard Tower | 4 | |
| Keep | 3 | |
| Arcane Tower | 1 | |
| Castle | 2 | |
28 total
» build order
00:03 Farm
00:04 Altar of Kings
01:00 Lumber Mill
01:04 Lumber Mill
01:25 Farm
04:34 Farm
04:36 Farm
04:43 Scout Tower
04:43 Scout Tower
05:19 Guard Tower
05:48 Lumber Mill
06:30 Keep
06:30 Keep
06:30 Keep
06:54 Scout Tower
06:56 Scout Tower
06:57 Scout Tower
07:01 Scout Tower
08:04 Arcane Tower
08:41 Guard Tower
08:41 Guard Tower
08:44 Farm
08:45 Farm
08:57 Scout Tower
08:58 Scout Tower
09:05 Castle
09:05 Castle
09:38 Guard Tower
BI-FCL_gldrbs (
yellow | 90 APM | 921 actions | 10:11)
4 Keeper of the Grove
2 Force of Nature
2 Thorns Aura
» actions
| Assign group hotkey | 9 | |
| Basic commands | 15 | |
| Build / train | 35 | |
| ESC pressed | 2 | |
| Enter build submenu | 10 | |
| Enter hero's abilities submenu | 4 | |
| Right click | 575 | |
| Select / deselect | 105 | |
| Select group hotkey | 137 | |
| Use ability | 29 | |
921 total
» units
» buildings
| Moon Well | 3 | |
| Tree of Life | 1 | |
| Altar of Elders | 1 | |
| Hunter's Hall | 1 | |
| Ancient of War | 2 | |
| Tree of Ages | 1 | |
| Tree of Eternity | 1 | |
| Ancient of Lore | 2 | |
12 total
» build order
00:19 Moon Well
01:10 Tree of Life
01:14 Altar of Elders
02:02 Hunter's Hall
02:28 Ancient of War
02:41 Ancient of War
02:55 Moon Well
05:17 Tree of Ages
06:20 Moon Well
08:00 Tree of Eternity
08:17 Ancient of Lore
08:20 Ancient of Lore
» items
| Scroll of Regeneration | 1 | |
| Scroll of Town Portal | 1 | |
| Scroll of Healing | 1 | |
| Boots of Speed | 1 | |
4 total
MyLiege_Cyrus (
teal | 124 APM | 1267 actions | 10:11)
4 Archmage
2 Summon Water Elemental
2 Brilliance Aura
» actions
| Assign group hotkey | 144 | |
| Basic commands | 3 | |
| Build / train | 50 | |
| Enter build submenu | 17 | |
| Enter hero's abilities submenu | 4 | |
| Right click | 700 | |
| Select / deselect | 240 | |
| Select group hotkey | 48 | |
| Use ability | 61 | |
1267 total
» units
» upgrades
» buildings
| Altar of Kings | 1 | |
| Farm | 5 | |
| Lumber Mill | 1 | |
| Scout Tower | 7 | |
| Arcane Tower | 2 | |
| Guard Tower | 9 | |
| Arcane Vault | 1 | |
| Keep | 3 | |
29 total
» build order
00:06 Altar of Kings
00:13 Farm
01:06 Farm
01:46 Farm
02:05 Lumber Mill
02:37 Farm
03:51 Scout Tower
03:57 Scout Tower
04:03 Scout Tower
04:18 Arcane Tower
04:21 Scout Tower
04:59 Guard Tower
05:03 Arcane Tower
05:33 Arcane Vault
06:26 Scout Tower
07:01 Guard Tower
07:01 Guard Tower
07:02 Guard Tower
07:40 Guard Tower
07:41 Scout Tower
07:52 Keep
07:52 Keep
08:03 Scout Tower
08:08 Guard Tower
08:29 Guard Tower
08:29 Guard Tower
08:30 Guard Tower
09:01 Farm
team 2 (loser)
PoKeR-FaCe (
pink | 34 APM | 349 actions | 10:10)
2 Blademaster
1 Wind Walk
1 Critical Strike
» actions
| Build / train | 14 | |
| Enter build submenu | 9 | |
| Enter hero's abilities submenu | 2 | |
| Right click | 211 | |
| Select / deselect | 93 | |
| Use ability | 19 | |
349 total
» units
» buildings
| Altar of Storms | 1 | |
| Orc Burrow | 3 | |
| Barracks | 4 | |
| Voodoo Lounge | 1 | |
| Stronghold | 1 | |
10 total
» build order
00:10 Altar of Storms
00:21 Orc Burrow
00:37 Barracks
00:46 Barracks
00:51 Barracks
00:56 Barracks
01:32 Voodoo Lounge
01:47 Orc Burrow
02:49 Orc Burrow
03:30 Stronghold
» items

»
pornjze (
red | 73 APM | 739 actions | 10:05)
2 Demon Hunter
1 Mana Burn
1 Evasion
» actions
| Assign group hotkey | 3 | |
| Basic commands | 1 | |
| Build / train | 28 | |
| Enter build submenu | 10 | |
| Enter hero's abilities submenu | 2 | |
| Right click | 459 | |
| Select / deselect | 217 | |
| Select group hotkey | 1 | |
| Use ability | 18 | |
739 total
» units
» upgrades
| Moon Armor | 1 | |
| Strength of the Moon | 1 | |
2 total
» buildings
| Altar of Elders | 1 | |
| Ancient of War | 2 | |
| Moon Well | 5 | |
| Hunter's Hall | 1 | |
| Ancient of Wonders | 1 | |
10 total
» build order
00:09 Altar of Elders
00:22 Ancient of War
00:30 Moon Well
01:33 Moon Well
02:40 Hunter's Hall
03:03 Moon Well
04:43 Ancient of War
04:46 Moon Well
05:42 Moon Well
08:17 Ancient of Wonders

»
roll_mops (
green | 61 APM | 621 actions | 10:08)
2 Demon Hunter
1 Immolation
1 Evasion
1 Priestess of the Moon
1 Trueshot Aura
» actions
| Build / train | 28 | |
| Enter build submenu | 11 | |
| Enter hero's abilities submenu | 3 | |
| Right click | 400 | |
| Select / deselect | 156 | |
| Use ability | 23 | |
621 total
» units
» buildings
| Altar of Elders | 1 | |
| Moon Well | 3 | |
| Ancient of War | 2 | |
| Hunter's Hall | 1 | |
| Ancient Protector | 1 | |
| Tree of Ages | 1 | |
| Tree of Eternity | 1 | |
| Ancient of Wind | 1 | |
11 total
» build order
00:12 Altar of Elders
00:20 Moon Well
01:20 Ancient of War
02:02 Moon Well
02:07 Hunter's Hall
03:19 Moon Well
03:23 Ancient Protector
04:35 Tree of Ages
04:47 Ancient of War
08:04 Tree of Eternity
08:07 Ancient of Wind
» items